 Dungeon Crawl Stone Soup version 0.28.0 (webtiles) character file.

Game seed: 14158504477043371836

7 SnakkuSnakku7 the Magician (level 1, -2/11 HPs)
             Began as a Deep Elf Transmuter on Feb 8, 2022.
             Slain by a jackal (3 damage)
             ... on level 1 of the Dungeon.
             The game lasted 00:01:15 (43 turns).

SnakkuSnakku7 the Magician (Deep Elf Transmuter)      Turns: 43, Time: 00:01:16

Health: -2/11      AC:  2    Str:  7    XL:     1   Next: 83%
Magic:  5/6        EV: 12    Int: 17    God:
Gold:   0          SH:  0    Dex: 15    Spells: 5/6 levels left

rFire   . . .      SeeInvis .     - Unarmed
rCold   . . .      Faith    .   (no shield)
rNeg    . . .      Spirit   .   a - +0 robe
rPois   .          Reflect  .   (helmet currently unavailable)
rElec   .          Harm     .   (no cloak)
rCorr   .          Rampage  .   (no gloves)
Will    .....                   (boots currently unavailable)
Stlth   +.........              (no amulet)
HPRegen 0.03/turn               (no ring)
MPRegen 0.10/turn               (no ring)

@: appendages
A: horns 2, talons 2
a: End Transformation


You were on level 1 of the Dungeon.
You had temporarily grown beastly horns and talons.
You visited 1 branch of the dungeon, and saw 1 of its levels.

Inventory:

Armour
 a - a +0 robe (worn)


   Skills:
 - Level 0.7 Fighting
 - Level 2.4 Dodging
 + Level 2.6 Unarmed Combat
 - Level 3.0 Spellcasting
 + Level 2.5 Transmutations


You had 5 spell levels left.
You knew the following spells:

 Your Spells              Type           Power      Damage    Failure   Level
a - Beastly Appendage     Tmut           22%        N/A       6%          1

Your spell library contained the following spells:

 Spells                   Type           Power      Damage    Failure   Level
 Wereblood                Tmut           11%        N/A       9%          2
 Spider Form              Tmut/Pois      6%         N/A       30%         3
 Ice Form                 Ice/Tmut       6%         N/A       71%         4


Dungeon Overview and Level Annotations

Branches:
Dungeon (1/15)

Altars:


Innate Abilities, Weirdness & Mutations

You have temporarily grown beastly horns and talons.


Message History

You barely miss the jackal.
The jackal is moderately wounded.
The jackal closely misses you. The jackal bites you.
You hit the jackal but do no damage.
The jackal is moderately wounded.
The jackal barely misses you.
You completely miss the jackal.
The jackal is moderately wounded.
The jackal bites you.
You grow a pair of large bovine horns.
Your feet morph into talons.
The jackal closely misses you. The jackal barely misses you.
You closely miss the jackal. You claw the jackal.
The jackal is almost dead.
The jackal closely misses you.
Your magical contamination has completely faded away.
You barely miss the jackal. You claw the jackal.
You kill the jackal!
The jackal bites you.
You hit the jackal but do no damage. You claw the jackal.
You headbutt the jackal, but do no damage.
The jackal is heavily wounded.
The jackal bites you.
You hit the jackal. Your kick misses the jackal.
The jackal is almost dead.
The jackal bites you but does no damage.
The jackal closely misses you.
You closely miss the jackal. You headbutt the jackal.
You kill the jackal!
The jackal closely misses you.
You hit the jackal. Your headbutt misses the jackal.
The jackal is severely wounded.
The jackal misses you.
You miss the jackal. You claw the jackal.
You kill the jackal!
You barely miss the jackal. You claw the jackal. You headbutt the jackal.
The jackal is severely wounded.
The jackal bites you.
* * * LOW HITPOINT WARNING * * *
The jackal bites you.
You die...

.......##
.......#
_......#
......#
.....#
#...
#####.#
#.@h..#
#..##..#
#..##♣..#
...###...#
####
#P...####
#P.P♣...#
####
#..(♣...#
##P.+
#.♣.....#
#PP.#
#....†..#


You could see a jackal.

Vanquished Creatures
  An endoplasm (D:1)
  3 jackals (D:1)
  A quokka (D:1)
5 creatures vanquished.

Notes
Turn   | Place    | Note
-------+----------+-------------------------------------------
     0 | D:1      | SnakkuSnakku7 the Deep Elf Transmuter began the quest for
                  | the Orb.
     0 | D:1      | Reached XP level 1. HP: 11/11 MP: 6/6
    24 | D:1      | Found a faded altar of an unknown god.
    43 | D:1      | Slain by a jackal

Illustrated notes

Levels and vault maps discovered:
D:1:      denvon_arrival_planthouse, layout_rooms, basic_ecumenical_altar,
          palyth_stone_intersect, minmay_hedge_maze

Action                   || total
-------------------------++-------
Melee: Unarmed           ||    17
       Kick              ||     7
       Headbutt          ||     3
 Cast: Beastly Appendage ||     2
Armor: Robe              ||     2
Dodge: Dodged            ||    15
